 Dungeon Crawl Stone Soup version 0.24.1-14-gf8d2b509d9 (webtiles) character file.

Game seed: 11523407787000043443, levelgen mode: deterministic

6 mortelune the Ruffian (level 1, -6/18 HPs)
             Began as a Naga Transmuter on May 24, 2020.
             Mangled by a hobgoblin
             ... wielding a +0 club
              (7 damage)
             ... on level 1 of the Dungeon.
             The game lasted 00:01:06 (744 turns).

mortelune the Ruffian (Naga Transmuter)              Turns: 744, Time: 00:01:07

Health: -6/18      AC:  1    Str: 12    XL:     1   Next: 90%
Magic:  2/3        EV: 10    Int: 13    God:
Gold:   29         SH:  0    Dex: 11    Spells: 3/4 levels left

rFire    . . .     SeeInvis +     - Unarmed
rCold    . . .     Gourm    .   (no shield)
rNeg     . . .     Faith    .   b - +0 robe
rPois    +         Spirit   .   (no helmet)
rElec    .         Reflect  .   (no cloak)
rCorr    .         Harm     .   (no gloves)
MR       .....                  (no barding)
Stlth    +.........             (no amulet)
HPRegen  0.06/turn              (no ring)
MPRegen  0.08/turn              (no ring)

@: appendage (expiring), very slow
A: large, horns 2, see invisible, deformed body, poison resistance, slowness 2,
slow metabolism 1, spit poison 1, AC +0
a: Spit Poison, End Transformation


You were on level 1 of the Dungeon.
You were not hungry.
You had grown temporary horns.
You visited 1 branch of the dungeon, and saw 1 of its levels.

You collected 29 gold pieces.

Inventory:

Missiles
 Q - 12 arrows
Armour
 b - a +0 robe (worn)
Jewellery
 a - a +2 ring of dexterity {unknown}
Comestibles
 d - 2 rations


   Skills:
 + Level 1.1 Fighting
 - Level 1.5 Dodging
 - Level 3.0 Unarmed Combat
 * Level 2.2 Spellcasting
 * Level 2.2 Transmutations


You had 3 spell levels left.
You knew the following spells:

 Your Spells              Type           Power        Failure   Level  Hunger
a - Beastly Appendage     Tmut           #.....       10%         1    ##.....

Your spell library contained the following spells:

 Spells                   Type           Power        Failure   Level  Hunger
 Sticks to Snakes         Tmut           #.......     16%         2    ###....
 Spider Form              Tmut/Pois      #.........   43%         3    ####...
 Ice Form                 Ice/Tmut       #.......     83%         4    #####..
 Blade Hands              Tmut           #.........   95%         5    ######.


Dungeon Overview and Level Annotations

Branches:
Dungeon (1/15)

Altars:


Innate Abilities, Weirdness & Mutations

You cannot wear boots.
Your serpentine skin is tough. (AC +0)
You have supernaturally acute eyesight. (SInv)
Armour fits poorly on your strangely shaped body.
Your system is resistant to poisons. (rPois)
You cover ground very slowly.
You have a slow metabolism.
You can spit poison.
You have a pair of horns on your head.


Message History

Aim: a gnoll, wielding a +0 whip The splash of poison misses the rat.
The splash of poison hits the gnoll!
The gnoll is poisoned.
The gnoll is heavily wounded.
You feel slightly more hungry. The rat bites you.
* * * LOW HITPOINT WARNING * * *
You hit the rat.
You kill the rat!
You aren't carrying any potions.
You aren't carrying any items that you can evoke.
You aren't carrying any scrolls.
You hit the hobgoblin.
The hobgoblin is moderately wounded.
Your transformation is almost over.
The hobgoblin barely misses you.
You closely miss the hobgoblin.
The hobgoblin is moderately wounded.
You have got your breath back.
The hobgoblin hits you with a +0 club!
You die...

.........###.).#.##.#
.........###.#......
.........#.....#.....
..######.#.#.......##
..# #.#.#........#
..# #.#.......##.#
..# #.....######.#
..# ###.#...#....###
..### ...#.#.#@##...
....# #.####..#g##.#
###[# #. #...#g...#
###.# # #........###
....# #..##......#
###.# ....###.####.#
....# .....+....###.#
.##.#
......####...#.#
....#
...........g...#


You could see a gnoll and a hobgoblin.

Vanquished Creatures
  A goblin (D:1)
  A jackal (D:1)
  2 bats (D:1)
  2 rats (D:1)
6 creatures vanquished.

Notes
Turn   | Place    | Note
-------+----------+-------------------------------------------
     0 | D:1      | mortelune the Naga Transmuter began the quest for the Orb.
     0 | D:1      | Reached XP level 1. HP: 18/18 MP: 3/3
   744 | D:1      | Mangled by a hobgoblin

Levels and vault maps discovered:
D:1:      dpeg_arrival_line_fractal, layout_basic, minmay_indecisive_spiral

Action                   || total
-------------------------++-------
Melee: Unarmed           ||    33
       Headbutt          ||     2
 Cast: Beastly Appendage ||     5
 Abil: Spit Poison       ||     3
Armor: Robe              ||    19
Dodge: Dodged            ||    42
